 Dungeon Crawl Stone Soup version 0.29.1-2-gbd0b4ee654 (webtiles) character file.

Game seed: 3953629416127719690

494 McKennaii the Trooper (level 6, -1/52 HPs)
             Began as a Demigod Fighter on Nov 8, 2022.
             Slain by an ice beast (9 damage)
             ... on level 5 of the Dungeon.
             The game lasted 00:04:13 (4099 turns).

McKennaii the Trooper (Demigod Fighter)             Turns: 4099, Time: 00:04:14

Health: -1/52      AC:  8    Str: 25    XL:     6   Next: 60%
Magic:  8/8        EV:  9    Int: 10    God:
Gold:   306        SH:  5    Dex: 13    Spells: 5/5 levels left

rFire   . . .      SeeInvis .   a - +0 trident
rCold   . . .      Faith    .   c - +0 buckler
rNeg    . . .      Spirit   .   b - +0 scale mail
rPois   .          Reflect  .   p - +0 helmet
rElec   .          Harm     .   (no cloak)
rCorr   .          Rampage  .   (no gloves)
Will    .....                   (no boots)
Stlth   ..........              (no amulet)
HPRegen 0.17/turn               (no ring)
MPRegen 0.11/turn               (no ring)

@: no status effects
A: high MP 1, forlorn, divine attributes
a: no special abilities


You were on level 5 of the Dungeon.
You visited 1 branch of the dungeon, and saw 5 of its levels.
You also visited: Sewer.

You collected 306 gold pieces.

Inventory:

Hand Weapons
 a - a +0 trident (weapon)
Armour
 b - a +0 scale mail (worn)
 c - a +0 buckler (worn)
 p - a +0 helmet (worn)
Magical Staves
 y - a staff of conjuration
Wands
 r - a wand of iceblast (2)
Scrolls
 e - 6 scrolls of teleportation {unknown}
 f - a scroll of acquirement {unknown}
 h - 2 scrolls of immolation {unknown}
 i - a scroll of vulnerability {unknown}
 k - a scroll of enchant armour {unknown}
 l - 4 scrolls of enchant weapon {unknown}
 m - 5 scrolls of identify {unknown}
 n - a scroll of brand weapon {unknown}
Potions
 d - a potion of might
 g - 2 potions of brilliance {unknown}
 j - a potion of ambrosia {unknown}
 o - a potion of lignification {unknown}
 q - 2 potions of berserk rage
 s - 2 potions of curing
 t - a potion of attraction {unknown}
 u - 2 potions of haste {unknown}
 v - 2 potions of degeneration {unknown}
 w - a potion of heal wounds {unknown}
 x - a potion of mutation {unknown}
 z - a potion of flight {unknown}


   Skills:
 + Level 4.2 Fighting
 + Level 3.7 Polearms
 + Level 4.2 Armour
 + Level 4.2 Shields


You had 5 spell levels left.
You didn't know any spells.
Your spell library contained the following spells:

 Spells                   Type           Power      Damage    Failure   Level
 Animate Dead             Necr           0%         N/A       100%        4
 Haunt                    Necr/Summ      0%         N/A       100%        7
 Infestation              Necr           0%         N/A       100%        8


Dungeon Overview and Level Annotations

Branches:
Dungeon (5/15)              Sewer (visited)
 Temple: D:4-7


Innate Abilities, Weirdness & Mutations

You have an increased reservoir of magic. (+10% MP)
You shall have no god before yourself.
Your divine heritage dramatically boosts your attributes as you level up.


Message History

The ice beast barely misses you.
You hit the ice beast but do no damage.
The ice beast is lightly wounded.
The ice beast hits you but does no damage.
You closely miss the ice beast.
The ice beast is lightly wounded.
You block the ice beast's attack.
Okay, then.
You hit the ice beast.
The ice beast is moderately wounded.
The ice beast closely misses you.
You barely miss the ice beast.
The ice beast is moderately wounded.
The ice beast barely misses you. The ice beast hits you.
The ice beast freezes you!
You hit the ice beast.
The ice beast is moderately wounded.
The ice beast hits you. The ice beast freezes you!
You puncture the ice beast!
The ice beast is heavily wounded.
You block the ice beast's attack.
You hit the ice beast.
The ice beast is severely wounded.
The ice beast hits you. The ice beast freezes you!
* * * LOW HITPOINT WARNING * * *
You barely miss the ice beast.
The ice beast is severely wounded.
You block the ice beast's attack.
You barely miss the ice beast.
The ice beast is severely wounded.
The ice beast closely misses you.
You hit the ice beast but do no damage.
The ice beast is severely wounded.
The ice beast barely misses you.
You closely miss the ice beast.
The ice beast is severely wounded.
The ice beast hits you.
* * * LOW HITPOINT WARNING * * *
The ice beast freezes you!
You die...

......).# ........#
........# #.........#
..!.......# # ..........###
#####
#.#####........Y...######
.....
................@.......##
.....
#..####.._..####..####...#
.....
.....†............?......##
..... ######[#
###....########..##...#~
..:...<# #.##. ##.......~
######.# #.. #. ###.....~
.. #.# #. ## #.....~ .# #.#
8 #....#~ ##.#.#.# #......


You could see an ice beast.

Vanquished Creatures
  Pargi (Sewer)
  An ogre (D:4)
  A howler monkey (D:5)
  A hound (D:3)
  Natasha (twice) (D:3)
  2 iguanas (D:5)
  An orc wizard (D:3)
  Robin (D:2)
  2 adders
  2 worms
  2 dart slugs
  3 orcs (D:3)
  5 endoplasms
  6 giant cockroaches
  12 goblins
  11 hobgoblins
  2 quokkas (D:2)
  9 ball pythons
  10 bats
  A frilled lizard (D:2)
  3 kobolds (D:2)
  8 rats
86 creatures vanquished.

Notes
Turn   | Place    | Note
-------+----------+-------------------------------------------
     0 | D:1      | McKennaii the Demigod Fighter began the quest for the Orb.
     0 | D:1      | Reached XP level 1. HP: 18/18 MP: 3/3
   365 | D:1      | Reached XP level 2. HP: 25/25 MP: 4/4
  1035 | D:2      | Reached XP level 3. HP: 28/31 MP: 5/5
  1229 | D:2      | Noticed Robin
  1514 | D:2      | Killed Robin
  1844 | D:3      | Reached XP level 4. HP: 5/38 MP: 6/6
  2461 | D:3      | Noticed Natasha
  2471 | D:3      | Killed Natasha
  2916 | D:3      | Noticed Natasha
  2925 | D:3      | Killed Natasha
  2926 | D:3      | Reached XP level 5. HP: 37/45 MP: 7/7
  3007 | D:4      | Noticed an ogre
  3247 | D:4      | Killed an ogre
  3531 | D:5      | Entered Level 5 of the Dungeon
  3548 | D:5      | Reached XP level 6. HP: 10/52 MP: 8/8
  3857 | D:5      | Found a glowing drain.
  3872 | Sewer    | Entered a sewer
  3892 | Sewer    | Noticed Pargi
  3906 | Sewer    | Killed Pargi
  4099 | D:5      | Slain by an ice beast

Illustrated notes

Levels and vault maps discovered:
D:1:      dreamdust_arrival_sigmund_warning, layout_rooms,
          dreamdust_ecumenical_altar_angels_and_demons,
          minmay_misc_feat_ornament
D:2:      layout_rooms, uniq_robin
D:3:      layout_basic, nrook_mini_vaults, uniq_natasha
D:4:      layout_gridville, mainiacjoe_overflow_six_doors_small,
          nrook_mini_backslash, kennysheep_generic_room_8
D:5:      layout_basic, mainiacjoe_overflow_boulevard,
          cheibrodos_sewer_entry_drain, nicolae_zen_rock_garden,
          corexii_hall_statues_u

Skill      XL: |  1  2  3  4  5  6 |
---------------+-------------------+-----
Polearms       | 2 3 |  3.7
Fighting       | 3 4 |  4.2
Armour         | 3 4 |  4.2
Shields        | 3 4 |  4.2

Action                   |  1- 3 |  4- 6 || total
-------------------------+-------+-------++-------
Melee: Trident           |   159 |   129 ||   288
Evoke: Wand              |       |     4 ||     4
Armor: Scale mail        |    66 |    45 ||   111
Dodge: Dodged            |    87 |    33 ||   120
Block: Buckler           |    33 |    16 ||    49
